 Dungeon Crawl Stone Soup version 0.28.0-43-g3370ac3207 (webtiles) character file.

Game seed: 12592968976728834858

251 terff the Covert (level 6, -10/41 HPs)
             Began as an Octopode Brigand on Mar 20, 2022.
             Mangled by an ogre
             ... wielding a +0 giant club
              (19 damage)
             ... on level 5 of the Dungeon.
             The game lasted 00:03:35 (973 turns).

terff the Covert (Octopode Brigand)                  Turns: 973, Time: 00:03:36

Health: -10/41     AC:  1    Str: 10    XL:     6   Next: 13%
Magic:  6/6        EV: 13    Int: 14    God:
Gold:   16         SH:  0    Dex: 15    Spells: 5/5 levels left

rFire   . . .      SeeInvis .   e - +1 dagger (venom)
rCold   . . .      Faith    .   (no shield)
rNeg    . . .      Spirit   .   (helmet restricted)
rPois   .          Reflect  .   (no amulet)
rElec   .          Harm     .   (no ring)
rCorr   .          Rampage  .   (no ring)
Will    .....                   (no ring)
Stlth   +++++.....              (no ring)
HPRegen 0.13/turn               (no ring)
MPRegen 0.10/turn               (no ring)
                                (no ring)
                                (no ring)

@: no status effects
A: almost no armour, amphibious, 8 rings, camouflage 1, gelatinous body 1,
(nimble swimmer 1), tentacles
a: no special abilities


You were on level 5 of the Dungeon.
You visited 1 branch of the dungeon, and saw 6 of its levels.

You collected 16 gold pieces.

Inventory:

Hand Weapons
 a - a +2 dagger
 e - a +1 dagger of venom (weapon)
Missiles
 b - 8 poisoned darts (quivered)
 c - 2 curare-tipped darts
Scrolls
 f - a scroll of torment {unknown}
Potions
 d - a potion of curing {unknown}


   Skills:
 + Level 2.6 Fighting
 + Level 2.9 Short Blades
 + Level 2.3 Throwing
 + Level 1.7 Dodging
 + Level 8.7 Stealth


You had 5 spell levels left.
You didn't know any spells.
Your spell library was empty.

Dungeon Overview and Level Annotations

Branches:
Dungeon (6/15)
 Temple: D:4-7

Altars:
Xom


Innate Abilities, Weirdness & Mutations

You cannot wear most types of armour.
You are amphibious.
You can wear up to eight rings at the same time.
Your skin changes colour to match your surroundings (Stealth+).
Your rubbery body absorbs attacks. (AC +1, EV +1)
((You are camouflaged when in or above water. (Stealth+)))
You have tentacles for arms and can constrict up to eight enemies at once.


Message History

The killer bee zombie is lightly damaged.
The killer bee zombie hits you.
The killer bee zombie barely misses you.
You hit the killer bee zombie. Your grab misses the killer bee zombie.
The killer bee zombie is lightly damaged.
The killer bee zombie barely misses you.
You hit the killer bee zombie. Your grab misses the killer bee zombie.
The killer bee zombie is moderately damaged.
The killer bee zombie misses you. The killer bee zombie hits you.
You hit the killer bee zombie. Your grab misses the killer bee zombie.
The killer bee zombie is heavily damaged.
The killer bee zombie hits you.
* * * LOW HITPOINT WARNING * * *
You closely miss the killer bee zombie. You grab the killer bee zombie.
The killer bee zombie is heavily damaged.
You constrict the killer bee zombie. The killer bee zombie hits you.
* * * LOW HITPOINT WARNING * * *
You hit the killer bee zombie. You squeeze the killer bee zombie.
The killer bee zombie is heavily damaged.
You constrict the killer bee zombie.
The killer bee zombie barely misses you.
The killer bee zombie hits you.
* * * LOW HITPOINT WARNING * * *
You hit the killer bee zombie. You squeeze the killer bee zombie.
The killer bee zombie is almost destroyed.
You constrict the killer bee zombie.
You destroy the killer bee zombie!
You start resting.
A wight comes into view. It is wielding a +0 halberd.
A wight comes into view. It is wielding a +3 short sword.
A wight comes into view.
It is wielding a +1 hand axe of freezing.
Found 28 stones.
Unknown command.
Found 2 yellow potions and 7 gold pieces.
An ogre comes into view. It is wielding a +0 giant club.
Found 15 gold pieces.
You see here 2 yellow potions.
The ogre shouts!
The ogre hits you with a +0 giant club!!
You die...

######.######.#
..##....#.z......+
........#........#
........#........#
........##...##..
........##...##$(
..................
........!.........
......O@.........$
..####..###..##.##
#..# ### .# .... +
..... ......#
.......# ........#


You could see an ogre.

Vanquished Creatures
  Eustachio (D:3)
  An orc priest (D:5)
  A bullfrog skeleton (D:4)
  A killer bee zombie (D:5)
  A gnoll (D:4)
  An orc (D:6)
  2 ball pythons (D:3)
  2 bats (D:3)
  An endoplasm (D:3)
  A giant cockroach (D:3)
  5 goblins
  6 hobgoblins
  A quokka (D:3)
  A kobold (D:1)
  A rat (D:3)
26 creatures vanquished.

Notes
Turn   | Place    | Note
-------+----------+-------------------------------------------
     0 | D:1      | terff the Octopode Brigand began the quest for the Orb.
     0 | D:1      | Reached XP level 1. HP: 14/14 MP: 1/1
   157 | D:3      | Reached skill level 6 in Stealth
   157 | D:3      | Reached XP level 2. HP: 8/19 MP: 2/2
   373 | D:3      | Found a shimmering altar of Xom.
   435 | D:3      | Reached XP level 3. HP: 20/24 MP: 3/3
   446 | D:4      | Noticed Eustachio
   464 | D:3      | Killed Eustachio
   465 | D:3      | Reached skill level 8 in Stealth
   465 | D:3      | Reached XP level 4. HP: 4/30 MP: 4/4
   465 | D:3      | Reached XP level 5. HP: 5/35 MP: 5/5
   879 | D:5      | Entered Level 5 of the Dungeon
   909 | D:5      | Reached XP level 6. HP: 20/41 MP: 6/6
   973 | D:5      | Mangled by an ogre

Illustrated notes

Levels and vault maps discovered:
D:1:      dpeg_arrival_morbid_curiosity, layout_loops_cross
D:2:      layout_rooms, hellmonk_ecumenical_altar_run_dry, serial_shops,
          nicolae_shop_behind_doors
D:3:      layout_rooms, mainiacjoe_overflow_catwalk
D:4:      layout_loops_ring, lemuel_crystal_altar, uniq_sigmund, uniq_eustachio
D:5:      layout_gridville
D:6:      layout_gridville, cheibriados_altar_1, serial_bayou_pond_e

Skill      XL: |  1  2  3 |
---------------+----------+-----
Stealth        | 6 8 |  8.7
Fighting       | |  2.6
Short Blades   | |  2.9
Throwing       | |  2.3
Dodging        | |  1.7

Action                   |  1- 3 |  4- 6 || total
-------------------------+-------+-------++-------
Melee: Dagger            |    36 |    27 ||    63
       Constrict         |     9 |     6 ||    15
       Tentacles         |     8 |     8 ||    16
  Use: Scroll            |     1 |       ||     1
 Stab: Sleeping          |     5 |       ||     5
Armor: Skin              |     5 |     2 ||     7
Dodge: Dodged            |    24 |    20 ||    44
